[ AOE2 MATCH · #483364165 ]
UnrankedWei vs Romans
[ REPLAY ANALYSIS · EXTRACTED FROM THE RECORDED GAME ]
Feudal
—
Castle
—
Imperial
—
| APM avg | 11.4 |
| APM peak | 24 |
| eAPM avg | 9.3 |
| Villagers / military | 75 / 55 |
Focus
⚔️ 37.1% · 🌾 62.9%
Archer ×45 · Unknown (1949) ×6 · Militia ×5 · Unknown (1944) ×5 · Battering Ram ×3 · Fishing Ship ×2
Feudal
—
Castle
—
Imperial
—
| APM avg | 16.3 |
| APM peak | 74 |
| eAPM avg | 10.2 |
| Villagers / military | 53 / 38 |
Focus
⚔️ 42.1% · 🌾 57.9%
Scout Cavalry ×14 · Knight ×10 · Fishing Ship ×10 · Battering Ram ×6 · Spearman ×5 · Militia ×3
Feudal
14:30
Castle
23:04
Imperial
40:28
| APM avg | 23.3 |
| APM peak | 50 |
| eAPM avg | 11.1 |
| Villagers / military | 73 / 49 |
Focus
⚔️ 30.5% · 🌾 69.5%
Spearman ×18 · Militia ×14 · Fishing Ship ×11 · Skirmisher ×9 · Unknown (2626) ×4 · Mangonel ×3
Feudal
15:12
Castle
21:09
Imperial
37:08
| APM avg | 37.3 |
| APM peak | 99 |
| eAPM avg | 15.1 |
| Villagers / military | 169 / 57 |
Focus
⚔️ 19.4% · 🌾 80.6%
Mameluke ×57 · Fishing Ship ×11 · Unknown (2626) ×2
Feudal
—
Castle
—
Imperial
—
| APM avg | 19.0 |
| APM peak | 75 |
| eAPM avg | 9.9 |
| Villagers / military | 106 / 49 |
Focus
⚔️ 23.1% · 🌾 76.9%
Mangudai ×48 · Unknown (2626) ×13 · Fishing Ship ×6 · Mangonel ×1
Feudal
15:43
Castle
20:03
Imperial
—
| APM avg | 23.8 |
| APM peak | 44 |
| eAPM avg | 17.9 |
| Villagers / military | 178 / 127 |
Focus
⚔️ 25.0% · 🌾 75.0%
Samurai ×76 · Skirmisher ×45 · Battering Ram ×4 · Militia ×2
Match map
Initial resources + every placement click. Lines = walls · curves = elevation contours. ◆ gold · ⬟ stone · ● berries · ✦ relic · ◌ wall gap
Your base· Open — 3t gap
MrMike26786's base· Open — 4t gap
Wilh3lm's base· Open — unwalled flank
ska_18's base· Open — unwalled flank
CriPe FusIonz's base· Open — 9t gap
ENG. BRENO's base· Open — 5t gap
Smoothed initial terrain · ◌ = detected wall gap · hover for details
Inputs per minute
— cw5541 - - MrMike26786
Build order — cw5541
First 150 of 218 actions detected
| 0:29 | Build | Town Center |
| 2:46 | Build | House |
| 2:49 | Build | House |
| 2:52 | Create | Villager (Male) |
| 2:53 | Create | Villager (Male) |
| 2:55 | Research | Loom |
| 2:55 | Create | Villager (Male) |
| 2:56 | Create | Villager (Male) |
| 2:56 | Create | Villager (Male) |
| 2:56 | Create | Villager (Male) |
| 5:04 | Create | Villager (Male) |
| 5:04 | Create | Villager (Male) |
| 5:04 | Create | Villager (Male) |
| 5:32 | Build | Lumber Camp |
| 5:50 | Create | Villager (Male) |
| 6:48 | Create | Villager (Male) |
| 6:49 | Create | Villager (Male) |
| 7:09 | Create | Villager (Male) |
| 7:10 | Create | Villager (Male) |
| 7:42 | Build | House |
| 7:56 | Build | Mill |
| 8:12 | Create | Villager (Male) |
| 8:28 | Create | Villager (Male) |
| 8:29 | Create | Villager (Male) |
| 8:29 | Create | Villager (Male) |
| 8:38 | Build | House |
| 8:41 | Build | House |
| 9:22 | Create | Villager (Male) |
| 9:22 | Create | Villager (Male) |
| 10:23 | Build | Farm |
| 10:30 | Build | House |
| 10:31 | Build | House |
| 10:33 | Build | House |
| 10:35 | Build | House |
| 10:38 | Create | Villager (Male) |
| 10:38 | Create | Villager (Male) |
| 10:39 | Create | Villager (Male) |
| 11:15 | Build | Palisade Wall |
| 11:18 | Create | Villager (Male) |
| 11:43 | Create | Villager (Male) |
| 12:35 | Build | Palisade Wall |
| 12:43 | Build | Mining Camp |
| 12:46 | Create | Villager (Male) |
| 12:46 | Create | Villager (Male) |
| 12:46 | Create | Villager (Male) |
| 13:01 | Build | Farm |
| 13:28 | Build | Palisade Wall |
| 14:38 | Research | Feudal Age |
| 14:58 | Build | Dock |
| 15:23 | Build | Palisade Wall |
| 15:34 | Build | Mining Camp |
| 15:38 | Create | Villager (Male) |
| 15:38 | Create | Villager (Male) |
| 16:01 | Build | Farm |
| 16:11 | Build | Farm |
| 16:24 | Build | Farm |
| 16:25 | Build | Farm |
| 16:25 | Build | Farm |
| 16:25 | Build | Farm |
| 16:25 | Build | Farm |
| 16:27 | Build | Farm |
| 16:27 | Build | Farm |
| 16:27 | Build | Farm |
| 16:50 | Build | Farm |
| 17:30 | Build | Palisade Gate |
| 17:51 | Build | Barracks |
| 18:07 | Create | Villager (Male) |
| 18:07 | Create | Villager (Male) |
| 18:07 | Create | Villager (Male) |
| 18:08 | Create | Villager (Male) |
| 18:11 | Research | Horse Collar |
| 18:32 | Create | Fishing Ship |
| 18:50 | Build | Farm |
| 18:59 | Build | Farm |
| 19:15 | Create | Villager (Male) |
| 19:20 | Create | Militia |
| 19:20 | Create | Militia |
| 19:23 | Create | Militia |
| 19:23 | Create | Militia |
| 19:23 | Create | Militia |
| 19:50 | Create | Villager (Male) |
| 19:59 | Build | Farm |
| 20:09 | Research | Gold Mining |
| 20:24 | Build | Blacksmith |
| 20:28 | Create | Villager (Male) |
| 20:37 | Research | Double-Bit Axe |
| 21:19 | Create | Villager (Male) |
| 21:29 | Build | Market |
| 21:36 | Build | Farm |
| 21:36 | Build | Farm |
| 21:45 | Build | Farm |
| 22:01 | Create | Villager (Male) |
| 22:02 | Create | Villager (Male) |
| 22:11 | Research | Forging |
| 22:12 | Research | Scale Mail Armor |
| 22:39 | Build | Palisade Wall |
| 22:56 | Build | Farm |
| 23:01 | Create | Villager (Male) |
| 23:23 | Research | Castle Age |
| 24:07 | Create | Villager (Male) |
| 24:09 | Create | Villager (Male) |
| 24:33 | Build | Archery Range |
| 25:53 | Create | Villager (Male) |
| 25:53 | Create | Villager (Male) |
| 26:52 | Create | Archer |
| 26:52 | Create | Archer |
| 26:53 | Create | Archer |
| 26:53 | Create | Archer |
| 26:55 | Create | Archer |
| 26:57 | Research | Fletching |
| 27:01 | Build | Archery Range |
| 27:11 | Create | Villager (Male) |
| 27:11 | Create | Villager (Male) |
| 27:31 | Build | Stable |
| 27:53 | Research | Crossbowman (upgrade) |
| 28:31 | Create | Archer |
| 28:31 | Create | Archer |
| 28:31 | Create | Archer |
| 29:33 | Create | Unit 1944 |
| 29:33 | Create | Unit 1944 |
| 29:34 | Create | Unit 1944 |
| 29:35 | Create | Scout Cavalry |
| 29:35 | Create | Scout Cavalry |
| 29:44 | Create | Villager (Male) |
| 29:54 | Build | Castle |
| 30:24 | Build | Town Center |
| 30:28 | Create | Villager (Male) |
| 30:28 | Create | Villager (Male) |
| 30:28 | Create | Villager (Male) |
| 30:34 | Research | Scale Barding Armor |
| 30:49 | Create | Fishing Ship |
| 31:20 | Research | Padded Archer Armor |
| 31:24 | Create | Archer |
| 31:24 | Create | Archer |
| 31:25 | Create | Archer |
| 31:25 | Create | Archer |
| 31:54 | Create | Villager (Male) |
| 31:54 | Create | Villager (Male) |
| 31:54 | Create | Villager (Male) |
| 33:03 | Create | Villager (Male) |
| 33:04 | Create | Villager (Male) |
| 33:09 | Build | Lumber Camp |
| 33:12 | Create | Villager (Male) |
| 33:26 | Create | Villager (Male) |
| 33:42 | Build | Town Center |
| 34:07 | Build | Farm |
| 34:09 | Create | Villager (Male) |
| 34:09 | Create | Villager (Male) |
| 34:23 | Create | Archer |
| 34:23 | Create | Archer |
Build order — MrMike26786
First 150 of 166 actions detected
| 0:12 | Build | Town Center |
| 1:42 | Build | House |
| 1:43 | Build | House |
| 2:24 | Create | Villager (Male) |
| 2:24 | Create | Villager (Male) |
| 2:24 | Create | Villager (Male) |
| 2:25 | Create | Villager (Male) |
| 2:25 | Create | Villager (Male) |
| 2:25 | Create | Villager (Male) |
| 2:25 | Create | Villager (Male) |
| 2:39 | Build | Mill |
| 4:34 | Create | Villager (Male) |
| 4:38 | Create | Villager (Male) |
| 5:03 | Create | Villager (Male) |
| 5:37 | Create | Villager (Male) |
| 6:13 | Create | Villager (Male) |
| 6:14 | Create | Villager (Male) |
| 6:43 | Build | House |
| 6:45 | Build | House |
| 6:56 | Create | Villager (Male) |
| 7:31 | Build | Mill |
| 7:36 | Create | Villager (Male) |
| 7:36 | Create | Villager (Male) |
| 7:58 | Create | Villager (Male) |
| 8:24 | Build | Dock |
| 8:32 | Create | Villager (Male) |
| 8:32 | Create | Villager (Male) |
| 8:33 | Create | Villager (Male) |
| 9:22 | Build | House |
| 9:24 | Build | House |
| 9:28 | Build | House |
| 9:33 | Create | Villager (Male) |
| 9:33 | Create | Villager (Male) |
| 10:08 | Create | Fishing Ship |
| 10:08 | Create | Fishing Ship |
| 10:32 | Create | Villager (Male) |
| 10:32 | Create | Villager (Male) |
| 10:58 | Create | Fishing Ship |
| 11:23 | Create | Villager (Male) |
| 11:24 | Create | Villager (Male) |
| 11:42 | Build | Mining Camp |
| 11:56 | Research | Feudal Age |
| 12:31 | Create | Fishing Ship |
| 13:00 | Research | Loom |
| 13:19 | Build | Palisade Gate |
| 13:24 | Build | Palisade Wall |
| 13:46 | Create | Villager (Male) |
| 13:46 | Create | Villager (Male) |
| 13:46 | Create | Villager (Male) |
| 15:08 | Build | Barracks |
| 15:28 | Build | Blacksmith |
| 16:00 | Create | Villager (Male) |
| 16:00 | Create | Villager (Male) |
| 16:49 | Build | Stable |
| 17:01 | Create | Militia |
| 17:01 | Create | Militia |
| 17:02 | Create | Militia |
| 17:29 | Research | Castle Age |
| 17:41 | Build | Mining Camp |
| 18:26 | Build | Watch Tower |
| 18:30 | Research | Fletching |
| 18:34 | Create | Spearman |
| 18:35 | Create | Spearman |
| 18:35 | Create | Spearman |
| 18:35 | Create | Spearman |
| 18:35 | Create | Spearman |
| 19:04 | Build | House |
| 19:05 | Build | House |
| 19:07 | Build | House |
| 19:09 | Build | House |
| 19:11 | Build | House |
| 19:18 | Build | House |
| 19:28 | Build | Palisade Gate |
| 20:30 | Build | Stone Wall |
| 20:33 | Build | Stone Wall |
| 20:53 | Create | Knight |
| 20:54 | Create | Knight |
| 20:54 | Create | Knight |
| 20:54 | Create | Knight |
| 21:19 | Research | Man-at-Arms (upgrade) |
| 22:15 | Build | Farm |
| 22:18 | Build | Farm |
| 22:18 | Build | Farm |
| 22:19 | Build | Farm |
| 22:19 | Build | Farm |
| 22:19 | Build | Farm |
| 22:22 | Create | Villager (Male) |
| 22:22 | Create | Villager (Male) |
| 22:22 | Create | Villager (Male) |
| 22:22 | Create | Villager (Male) |
| 24:12 | Research | Town Watch |
| 24:13 | Research | Wheelbarrow |
| 24:28 | Build | Town Center |
| 24:40 | Create | Villager (Male) |
| 24:41 | Create | Villager (Male) |
| 24:41 | Create | Villager (Male) |
| 24:41 | Create | Villager (Male) |
| 26:06 | Research | Long Swordsman (upgrade) |
| 26:07 | Research | Squires |
| 26:08 | Research | Arson |
| 26:10 | Research | Pikeman (upgrade) |
| 26:17 | Create | Villager (Male) |
| 26:17 | Create | Villager (Male) |
| 26:39 | Build | Dock |
| 26:44 | Create | Villager (Male) |
| 26:44 | Create | Villager (Male) |
| 26:45 | Create | Villager (Male) |
| 27:42 | Build | Castle |
| 28:03 | Build | Farm |
| 28:03 | Build | Farm |
| 28:06 | Build | Farm |
| 28:06 | Build | Farm |
| 28:07 | Build | Farm |
| 28:07 | Build | Farm |
| 28:07 | Build | Farm |
| 28:08 | Build | Farm |
| 28:08 | Build | Farm |
| 28:44 | Build | Siege Workshop |
| 29:02 | Research | Horse Collar |
| 29:09 | Build | Farm |
| 29:11 | Build | Farm |
| 29:36 | Create | Knight ×4 |
| 30:54 | Create | Knight |
| 30:55 | Create | Knight |
| 32:01 | Create | Battering Ram |
| 32:05 | Create | Villager (Male) |
| 32:06 | Create | Villager (Male) |
| 32:34 | Create | Battering Ram |
| 33:11 | Create | Battering Ram |
| 36:34 | Create | Villager (Male) |
| 36:34 | Create | Villager (Male) |
| 36:47 | Create | Fishing Ship |
| 36:47 | Create | Fishing Ship |
| 36:47 | Create | Fishing Ship |
| 36:47 | Create | Fishing Ship |
| 37:06 | Build | Mill |
| 37:14 | Build | Farm |
| 37:14 | Build | Farm |
| 37:15 | Build | Farm |
| 37:15 | Build | Farm |
| 37:15 | Build | Farm |
| 38:54 | Build | Castle |
| 39:29 | Build | Castle |
| 40:06 | Research | Light Cavalry (upgrade) |
| 40:07 | Research | Bloodlines |
| 40:08 | Create | Scout Cavalry |
| 40:08 | Create | Scout Cavalry |
| 40:09 | Create | Scout Cavalry |
| 40:09 | Create | Scout Cavalry |
| 40:09 | Create | Scout Cavalry |
Build order — Wilh3lm
First 150 of 239 actions detected
| 0:58 | Build | Town Center |
| 3:08 | Create | Villager (Male) |
| 3:08 | Create | Villager (Male) |
| 3:08 | Create | Villager (Male) |
| 3:08 | Create | Villager (Male) |
| 3:15 | Build | House |
| 4:34 | Create | Villager (Male) |
| 4:54 | Build | Dock |
| 5:09 | Research | Loom |
| 5:19 | Build | House |
| 5:23 | Create | Villager (Male) |
| 5:38 | Create | Villager (Male) |
| 5:58 | Build | Palisade Wall |
| 6:18 | Create | Villager (Male) |
| 6:39 | Create | Villager (Male) |
| 7:14 | Create | Villager (Male) |
| 7:32 | Build | House |
| 7:40 | Create | Villager (Male) |
| 8:07 | Create | Villager (Male) |
| 8:08 | Create | Villager (Male) |
| 8:08 | Create | Villager (Male) |
| 8:12 | Build | House |
| 8:22 | Create | Fishing Ship |
| 9:43 | Build | Mill |
| 9:50 | Create | Villager (Male) |
| 9:50 | Create | Villager (Male) |
| 9:50 | Create | Villager (Male) |
| 9:53 | Create | Villager (Male) |
| 9:54 | Create | Villager (Male) |
| 10:44 | Create | Villager (Male) |
| 10:56 | Build | Lumber Camp |
| 11:59 | Research | Feudal Age |
| 12:06 | Create | Fishing Ship |
| 12:42 | Create | Fishing Ship |
| 13:00 | Build | House |
| 13:35 | Build | House |
| 13:46 | Create | Fishing Ship |
| 14:12 | Build | House |
| 14:30 | Age | Feudal Age |
| 14:35 | Research | Wheelbarrow |
| 14:38 | Research | Double-Bit Axe |
| 14:50 | Build | Gate |
| 15:07 | Build | Barracks |
| 15:11 | Research | Horse Collar |
| 15:18 | Create | Fishing Ship |
| 15:26 | Build | Blacksmith |
| 15:52 | Create | Villager (Male) |
| 15:52 | Create | Villager (Male) |
| 15:52 | Create | Villager (Male) |
| 16:21 | Build | Archery Range |
| 16:26 | Create | Spearman |
| 16:40 | Create | Fishing Ship |
| 17:05 | Build | House |
| 17:15 | Build | Mining Camp |
| 17:27 | Create | Villager (Male) |
| 17:42 | Create | Fishing Ship |
| 17:42 | Create | Fishing Ship |
| 18:13 | Build | House |
| 18:24 | Create | Villager (Male) |
| 18:24 | Create | Villager (Male) |
| 19:21 | Create | Fishing Ship |
| 20:24 | Research | Castle Age |
| 20:28 | Create | Unit 2626 |
| 20:44 | Create | Unit 2626 |
| 20:55 | Build | Farm |
| 20:57 | Build | Farm |
| 21:04 | Build | Farm |
| 21:23 | Create | Spearman |
| 21:23 | Create | Spearman |
| 21:23 | Create | Spearman |
| 21:27 | Create | Unit 2626 |
| 21:27 | Create | Unit 2626 |
| 21:46 | Build | House |
| 21:48 | Build | House |
| 23:04 | Age | Castle Age |
| 23:26 | Research | War Galley (upgrade) |
| 24:01 | Create | Villager (Male) |
| 24:01 | Create | Villager (Male) |
| 24:02 | Create | Villager (Male) |
| 24:10 | Build | Town Center |
| 24:23 | Build | Town Center |
| 24:44 | Create | Villager (Male) |
| 24:44 | Create | Villager (Male) |
| 24:49 | Research | Scale Mail Armor |
| 24:50 | Research | Forging |
| 24:53 | Research | Pikeman (upgrade) |
| 25:06 | Research | Heavy Plow |
| 25:20 | Create | Skirmisher |
| 25:27 | Create | Villager (Male) |
| 25:27 | Create | Villager (Male) |
| 25:27 | Create | Villager (Male) |
| 25:27 | Create | Villager (Male) |
| 25:32 | Build | Farm |
| 25:33 | Build | Farm |
| 25:34 | Build | Farm |
| 25:36 | Build | Farm |
| 25:45 | Build | Farm |
| 25:47 | Build | Farm |
| 25:54 | Create | Villager (Male) |
| 25:55 | Create | Villager (Male) |
| 25:57 | Create | Villager (Male) |
| 25:57 | Create | Villager (Male) |
| 26:02 | Create | Villager (Male) |
| 26:02 | Create | Villager (Male) |
| 26:45 | Build | Castle |
| 26:47 | Create | Spearman |
| 26:47 | Create | Spearman |
| 26:48 | Create | Skirmisher |
| 26:48 | Create | Skirmisher |
| 26:56 | Research | Iron Casting |
| 27:12 | Create | Villager (Male) |
| 27:12 | Create | Villager (Male) |
| 27:15 | Build | Farm |
| 27:16 | Build | Farm |
| 28:08 | Build | Barracks |
| 28:16 | Research | Town Watch |
| 28:17 | Create | Villager (Male) |
| 28:17 | Create | Villager (Male) |
| 28:17 | Create | Villager (Male) |
| 28:42 | Research | Man-at-Arms (upgrade) |
| 28:49 | Build | Mining Camp |
| 29:06 | Build | University |
| 29:10 | Build | Lumber Camp |
| 29:12 | Create | Villager (Male) |
| 29:12 | Create | Villager (Male) |
| 29:12 | Create | Villager (Male) |
| 29:12 | Create | Villager (Male) |
| 29:35 | Research | Long Swordsman (upgrade) |
| 29:43 | Build | Barracks |
| 30:48 | Research | Elite Skirmisher (upgrade) |
| 31:00 | Build | Archery Range |
| 31:10 | Research | Fletching |
| 31:14 | Research | Padded Archer Armor |
| 31:14 | Research | Chain Mail Armor |
| 31:23 | Build | Farm |
| 31:25 | Research | Ballistics |
| 31:26 | Research | Murder Holes |
| 31:27 | Research | Masonry |
| 31:33 | Create | Villager (Male) |
| 31:33 | Create | Villager (Male) |
| 31:34 | Create | Villager (Male) |
| 31:49 | Create | Skirmisher |
| 31:49 | Create | Skirmisher |
| 31:49 | Create | Skirmisher |
| 31:52 | Create | Skirmisher |
| 31:52 | Create | Skirmisher |
| 31:53 | Create | Skirmisher |
| 32:54 | Build | Siege Workshop |
| 33:07 | Build | House |
| 33:09 | Build | House |
Build order — ska_18
First 150 of 251 actions detected
| 0:20 | Build | House |
| 1:33 | Build | Town Center |
| 2:07 | Build | Dock |
| 3:53 | Create | Villager (Male) |
| 3:53 | Create | Villager (Male) |
| 3:53 | Create | Villager (Male) |
| 3:53 | Create | Villager (Male) |
| 3:54 | Create | Villager (Male) |
| 4:52 | Create | Villager (Male) |
| 4:53 | Create | Villager (Male) |
| 5:04 | Build | House |
| 5:58 | Create | Villager (Male) |
| 5:59 | Create | Villager (Male) |
| 6:03 | Create | Villager (Male) |
| 6:03 | Create | Villager (Male) |
| 6:46 | Create | Villager (Male) |
| 6:47 | Create | Villager (Male) |
| 6:53 | Create | Fishing Ship |
| 6:59 | Create | Villager (Male) |
| 6:59 | Create | Villager (Male) |
| 6:59 | Create | Villager (Male) |
| 7:02 | Build | House |
| 7:46 | Research | Loom |
| 8:07 | Create | Fishing Ship |
| 8:30 | Create | Villager (Male) |
| 8:31 | Create | Villager (Male) |
| 8:33 | Create | Fishing Ship |
| 8:38 | Build | House |
| 8:54 | Create | Villager (Male) |
| 8:54 | Create | Villager (Male) |
| 8:54 | Create | Villager (Male) |
| 8:58 | Create | Villager (Male) |
| 8:58 | Create | Villager (Male) |
| 9:05 | Build | House |
| 9:36 | Create | Fishing Ship |
| 9:40 | Build | House |
| 9:45 | Create | Villager (Male) |
| 9:45 | Create | Villager (Male) |
| 9:55 | Create | Fishing Ship |
| 10:40 | Build | Lumber Camp |
| 10:46 | Create | Villager (Male) |
| 11:24 | Build | Mill |
| 11:48 | Create | Villager (Male) |
| 12:17 | Create | Fishing Ship |
| 12:17 | Create | Fishing Ship |
| 12:29 | Create | Fishing Ship |
| 12:40 | Build | House |
| 13:02 | Research | Feudal Age |
| 14:56 | Build | Mill |
| 14:57 | Build | House |
| 14:58 | Build | House |
| 15:12 | Age | Feudal Age |
| 15:16 | Create | Unit 2626 |
| 15:43 | Build | Market |
| 15:52 | Build | Blacksmith |
| 15:58 | Build | Stone Wall |
| 16:49 | Create | Villager (Male) |
| 16:49 | Create | Villager (Male) |
| 16:49 | Create | Villager (Male) |
| 16:49 | Create | Villager (Male) |
| 16:57 | Build | Stone Wall |
| 17:01 | Build | Gate |
| 17:21 | Create | Villager (Male) |
| 17:32 | Build | Mining Camp |
| 17:58 | Research | Double-Bit Axe |
| 18:00 | Research | Horse Collar |
| 18:10 | Create | Unit 2626 |
| 18:25 | Research | Castle Age |
| 18:31 | Build | Stone Wall |
| 18:34 | Build | Gate |
| 19:06 | Build | Stone Wall |
| 19:16 | Build | Palisade Wall |
| 19:36 | Create | Villager (Male) |
| 19:36 | Create | Villager (Male) |
| 19:57 | Build | Gate |
| 20:16 | Research | Gold Mining |
| 20:16 | Research | Stone Mining |
| 21:09 | Age | Castle Age |
| 21:20 | Research | Wheelbarrow |
| 21:38 | Build | Castle |
| 21:47 | Create | Villager (Male) |
| 21:47 | Create | Villager (Male) |
| 21:55 | Build | Town Center |
| 22:08 | Build | Stone Wall |
| 23:03 | Create | Villager (Male) |
| 23:03 | Create | Villager (Male) |
| 23:04 | Research | Town Watch |
| 23:14 | Build | Town Center |
| 23:27 | Create | Mameluke |
| 23:27 | Create | Mameluke |
| 23:33 | Create | Mameluke |
| 23:34 | Create | Mameluke |
| 24:02 | Build | Stone Wall |
| 24:28 | Create | Mameluke |
| 24:28 | Create | Mameluke |
| 24:29 | Create | Villager (Male) ×2 |
| 24:29 | Create | Villager (Male) ×2 |
| 24:43 | Build | Farm |
| 24:44 | Build | Farm |
| 24:45 | Build | Farm |
| 24:47 | Build | Farm |
| 24:48 | Build | Farm |
| 24:48 | Build | Farm |
| 24:50 | Build | Farm |
| 24:51 | Build | Farm |
| 24:53 | Build | Farm |
| 25:53 | Create | Villager (Male) ×4 |
| 25:53 | Create | Villager (Male) ×4 |
| 26:10 | Create | Villager (Male) ×3 |
| 26:10 | Create | Villager (Male) ×3 |
| 26:29 | Build | Farm |
| 26:31 | Build | Farm |
| 26:33 | Research | Tech 906 |
| 26:34 | Create | Fishing Ship |
| 26:34 | Create | Fishing Ship |
| 26:34 | Create | Fishing Ship |
| 26:58 | Create | Villager (Male) ×4 |
| 26:58 | Create | Villager (Male) ×4 |
| 27:17 | Build | Stone Wall |
| 27:25 | Create | Mameluke |
| 27:25 | Create | Mameluke |
| 27:27 | Create | Villager (Male) |
| 27:43 | Build | Town Center |
| 27:53 | Create | Villager (Male) ×3 |
| 27:53 | Create | Villager (Male) ×3 |
| 28:42 | Research | Hand Cart |
| 29:21 | Create | Villager (Male) ×5 |
| 29:21 | Create | Villager (Male) ×5 |
| 29:40 | Create | Villager (Male) ×3 |
| 29:40 | Create | Villager (Male) ×3 |
| 29:57 | Create | Villager (Male) |
| 29:57 | Create | Villager (Male) |
| 30:50 | Build | Farm |
| 30:51 | Build | Farm |
| 30:52 | Build | Farm |
| 30:53 | Build | Farm |
| 30:54 | Build | Farm |
| 30:55 | Build | Farm |
| 30:58 | Research | Heavy Plow |
| 31:00 | Research | Bow Saw |
| 31:05 | Research | Stone Mining |
| 31:06 | Research | Gold Shaft Mining |
| 31:07 | Create | Villager (Male) ×5 |
| 31:07 | Create | Villager (Male) ×5 |
| 31:07 | Create | Villager (Male) ×2 |
| 31:07 | Create | Villager (Male) ×2 |
| 31:20 | Build | Town Center |
| 31:39 | Build | Farm |
| 31:41 | Create | Villager (Male) ×3 |
| 31:41 | Create | Villager (Male) ×3 |
Build order — CriPe FusIonz
First 150 of 266 actions detected
| 0:08 | Build | Town Center |
| 0:53 | Build | Dock |
| 1:02 | Build | House |
| 1:23 | Build | House |
| 2:26 | Create | Villager (Male) |
| 2:26 | Create | Villager (Male) |
| 2:27 | Create | Villager (Male) |
| 2:27 | Create | Villager (Male) |
| 3:36 | Create | Villager (Male) |
| 3:36 | Create | Villager (Male) |
| 4:21 | Create | Villager (Male) |
| 4:21 | Create | Villager (Male) |
| 4:45 | Create | Fishing Ship |
| 4:46 | Create | Fishing Ship |
| 5:03 | Create | Villager (Male) |
| 5:29 | Create | Villager (Male) |
| 5:57 | Create | Villager (Male) |
| 5:57 | Create | Villager (Male) |
| 6:01 | Build | House |
| 6:06 | Create | Fishing Ship |
| 6:25 | Build | House |
| 6:26 | Create | Villager (Male) |
| 6:26 | Create | Villager (Male) |
| 6:42 | Create | Villager (Male) |
| 6:59 | Create | Villager (Male) |
| 6:59 | Create | Villager (Male) |
| 7:16 | Create | Fishing Ship |
| 7:28 | Create | Villager (Male) |
| 8:02 | Create | Villager (Male) |
| 8:02 | Create | Villager (Male) |
| 8:02 | Create | Villager (Male) |
| 8:20 | Build | Mill |
| 8:39 | Research | Loom |
| 8:40 | Create | Villager (Male) |
| 8:40 | Create | Villager (Male) |
| 9:11 | Build | House |
| 9:18 | Create | Fishing Ship |
| 9:48 | Create | Villager (Male) |
| 9:54 | Create | Fishing Ship |
| 10:17 | Create | Villager (Male) |
| 10:49 | Create | Villager (Male) |
| 10:52 | Research | Feudal Age |
| 11:42 | Build | Farm |
| 11:43 | Build | Farm |
| 13:27 | Create | Villager (Male) |
| 13:28 | Create | Villager (Male) |
| 13:32 | Build | Blacksmith |
| 13:40 | Build | Market |
| 14:29 | Build | Lumber Camp |
| 14:39 | Research | Castle Age |
| 15:38 | Build | Palisade Wall |
| 15:50 | Build | Palisade Wall |
| 16:01 | Research | Double-Bit Axe |
| 16:26 | Build | Lumber Camp |
| 16:32 | Create | Villager (Male) |
| 16:32 | Create | Villager (Male) |
| 16:37 | Build | House |
| 16:45 | Build | House |
| 17:28 | Build | Town Center |
| 18:00 | Build | Town Center |
| 18:10 | Create | Villager (Male) |
| 18:10 | Create | Villager (Male) |
| 18:11 | Create | Villager (Male) |
| 18:22 | Build | House |
| 18:24 | Build | House |
| 18:27 | Build | House |
| 18:33 | Build | Farm |
| 18:33 | Build | Farm |
| 18:42 | Build | Farm |
| 18:49 | Create | Villager (Male) |
| 18:50 | Create | Villager (Male) |
| 18:57 | Create | Villager (Male) |
| 18:58 | Create | Villager (Male) |
| 18:58 | Create | Villager (Male) |
| 19:06 | Research | Bow Saw |
| 19:36 | Build | Farm |
| 19:36 | Build | Farm |
| 19:37 | Build | Farm |
| 19:51 | Create | Villager (Male) |
| 19:51 | Create | Villager (Male) |
| 20:08 | Create | Villager (Male) |
| 20:08 | Create | Villager (Male) |
| 20:08 | Create | Villager (Male) |
| 20:09 | Create | Villager (Male) |
| 20:09 | Create | Villager (Male) |
| 20:10 | Create | Villager (Male) |
| 20:10 | Create | Villager (Male) |
| 20:13 | Build | Farm |
| 20:23 | Build | Farm |
| 20:25 | Research | Horse Collar |
| 20:51 | Create | Villager (Male) |
| 20:51 | Create | Villager (Male) |
| 20:51 | Create | Villager (Male) |
| 21:06 | Build | Farm |
| 21:07 | Build | Farm |
| 21:08 | Build | Farm |
| 21:11 | Create | Villager (Male) |
| 21:11 | Create | Villager (Male) |
| 21:11 | Create | Villager (Male) |
| 21:11 | Create | Villager (Male) |
| 21:11 | Create | Villager (Male) |
| 21:11 | Create | Villager (Male) |
| 21:47 | Create | Villager (Male) |
| 21:47 | Create | Villager (Male) |
| 21:54 | Build | Farm |
| 21:57 | Research | Heavy Plow |
| 22:17 | Build | Farm |
| 22:18 | Build | Farm |
| 22:27 | Build | Farm |
| 22:27 | Build | Farm |
| 22:53 | Create | Villager (Male) |
| 22:53 | Create | Villager (Male) |
| 22:54 | Create | Villager (Male) |
| 23:13 | Create | Villager (Male) |
| 23:14 | Create | Villager (Male) |
| 23:18 | Build | House |
| 23:22 | Build | House |
| 23:24 | Build | House |
| 23:26 | Build | House |
| 23:28 | Build | House |
| 23:30 | Build | House |
| 23:32 | Build | House |
| 23:33 | Build | House |
| 23:42 | Create | Villager (Male) |
| 23:42 | Create | Villager (Male) |
| 23:43 | Create | Villager (Male) |
| 23:43 | Create | Villager (Male) |
| 23:43 | Create | Villager (Male) |
| 24:17 | Build | Castle |
| 24:33 | Research | War Galley (upgrade) |
| 24:47 | Build | Dock |
| 24:48 | Create | Villager (Male) |
| 24:48 | Create | Villager (Male) |
| 24:49 | Create | Villager (Male) |
| 24:49 | Create | Villager (Male) |
| 25:19 | Create | Villager (Male) |
| 25:20 | Create | Villager (Male) |
| 25:20 | Create | Villager (Male) |
| 25:21 | Create | Villager (Male) |
| 25:21 | Create | Villager (Male) |
| 25:35 | Create | Villager (Male) |
| 25:36 | Create | Villager (Male) |
| 25:36 | Create | Villager (Male) |
| 25:43 | Build | Farm |
| 25:43 | Build | Farm |
| 25:43 | Build | Farm |
| 25:43 | Build | Farm |
| 25:44 | Build | Farm |
| 25:44 | Build | Farm |
| 25:44 | Build | Farm |
Build order — ENG. BRENO
First 150 of 452 actions detected
| 0:20 | Build | Town Center |
| 0:35 | Build | Town Center |
| 1:32 | Build | House |
| 1:52 | Build | House |
| 1:59 | Build | Palisade Wall |
| 2:55 | Build | Palisade Wall |
| 2:57 | Build | Palisade Wall |
| 3:15 | Create | Villager (Male) |
| 3:16 | Create | Villager (Male) |
| 3:16 | Create | Villager (Male) |
| 3:16 | Create | Villager (Male) |
| 4:54 | Create | Villager (Male) |
| 4:54 | Create | Villager (Male) |
| 5:20 | Create | Villager (Male) |
| 5:52 | Create | Villager (Male) |
| 5:53 | Create | Villager (Male) |
| 6:02 | Create | Villager (Male) |
| 6:02 | Create | Villager (Male) |
| 6:44 | Create | Villager (Male) |
| 6:44 | Create | Villager (Male) |
| 6:47 | Create | Villager (Male) |
| 6:57 | Build | House |
| 6:59 | Build | House |
| 7:39 | Create | Villager (Male) |
| 7:39 | Create | Villager (Male) |
| 7:53 | Build | Palisade Wall |
| 7:56 | Build | Palisade Wall |
| 8:08 | Create | Villager (Male) |
| 8:08 | Create | Villager (Male) |
| 8:08 | Create | Villager (Male) |
| 8:13 | Build | Mill |
| 8:57 | Create | Villager (Male) |
| 8:58 | Create | Villager (Male) |
| 9:19 | Create | Villager (Male) |
| 9:19 | Create | Villager (Male) |
| 9:29 | Build | Barracks |
| 10:01 | Create | Villager (Male) |
| 10:01 | Create | Villager (Male) |
| 10:02 | Create | Villager (Male) |
| 10:34 | Create | Villager (Male) |
| 10:35 | Create | Villager (Male) |
| 10:35 | Create | Villager (Male) |
| 10:55 | Build | Farm |
| 10:57 | Build | Farm |
| 11:05 | Build | Mining Camp |
| 11:39 | Build | House |
| 11:43 | Build | House |
| 11:48 | Create | Villager (Male) |
| 11:49 | Create | Villager (Male) |
| 12:08 | Build | Lumber Camp |
| 12:15 | Create | Villager (Male) |
| 12:22 | Build | Farm |
| 12:55 | Create | Villager (Male) |
| 13:24 | Research | Feudal Age |
| 13:47 | Build | Farm |
| 13:52 | Build | Farm |
| 13:56 | Build | Farm |
| 14:11 | Build | Farm |
| 14:19 | Create | Villager (Male) |
| 14:19 | Create | Villager (Male) |
| 14:24 | Research | Loom |
| 15:15 | Build | Farm |
| 15:17 | Build | Farm |
| 15:43 | Age | Feudal Age |
| 15:48 | Build | Market |
| 15:59 | Build | Blacksmith |
| 16:13 | Create | Villager (Male) |
| 17:05 | Build | Farm |
| 17:21 | Research | Castle Age |
| 17:49 | Research | Horse Collar |
| 18:00 | Research | Double-Bit Axe |
| 18:16 | Build | Mining Camp |
| 20:03 | Age | Castle Age |
| 20:05 | Create | Villager (Male) |
| 20:06 | Create | Villager (Male) |
| 20:19 | Build | Castle |
| 20:22 | Build | Mining Camp |
| 20:29 | Create | Militia |
| 20:29 | Create | Militia |
| 20:44 | Research | Bow Saw |
| 20:50 | Build | House |
| 20:52 | Build | House |
| 20:54 | Create | Villager (Male) |
| 20:54 | Create | Villager (Male) |
| 21:00 | Build | Farm |
| 21:04 | Create | Villager (Male) |
| 21:31 | Research | Arson |
| 21:59 | Create | Villager (Male) |
| 22:20 | Build | Town Center |
| 22:26 | Create | Villager (Male) |
| 22:33 | Build | Farm |
| 22:35 | Create | Villager (Male) |
| 22:38 | Create | Villager (Male) |
| 22:45 | Build | Farm |
| 22:53 | Create | Villager (Male) |
| 22:56 | Create | Samurai |
| 22:56 | Create | Samurai |
| 22:57 | Create | Samurai |
| 22:57 | Create | Samurai |
| 23:06 | Create | Villager (Male) |
| 23:14 | Build | Farm |
| 23:16 | Build | Farm |
| 23:20 | Build | Farm |
| 23:23 | Create | Villager (Male) |
| 23:24 | Create | Villager (Male) |
| 23:48 | Create | Villager (Male) |
| 23:48 | Create | Villager (Male) |
| 23:56 | Build | Farm |
| 24:07 | Create | Villager (Male) |
| 24:08 | Create | Villager (Male) |
| 24:20 | Create | Samurai |
| 24:21 | Create | Samurai |
| 24:51 | Create | Villager (Male) |
| 24:51 | Create | Villager (Male) |
| 25:28 | Create | Samurai |
| 25:29 | Create | Samurai |
| 25:29 | Create | Samurai |
| 25:32 | Research | Scale Mail Armor |
| 25:47 | Build | Farm |
| 25:47 | Build | Farm |
| 25:47 | Build | Farm |
| 25:47 | Build | Farm |
| 25:48 | Build | Farm |
| 25:48 | Build | Farm |
| 25:51 | Create | Villager (Male) |
| 25:52 | Create | Villager (Male) |
| 25:52 | Create | Villager (Male) |
| 26:34 | Create | Villager (Male) |
| 26:35 | Create | Villager (Male) |
| 26:35 | Create | Villager (Male) |
| 26:35 | Create | Villager (Male) |
| 26:46 | Create | Villager (Male) |
| 26:46 | Create | Villager (Male) |
| 26:47 | Create | Villager (Male) |
| 26:58 | Create | Villager (Male) |
| 26:58 | Create | Villager (Male) |
| 27:05 | Build | Town Center |
| 27:09 | Create | Villager (Male) |
| 27:09 | Create | Villager (Male) |
| 27:09 | Create | Villager (Male) |
| 27:15 | Build | Town Center |
| 27:22 | Create | Villager (Male) |
| 27:23 | Create | Villager (Male) |
| 27:35 | Research | Squires |
| 27:37 | Create | Villager (Male) |
| 27:38 | Create | Villager (Male) |
| 27:55 | Create | Villager (Male) |
| 27:56 | Create | Villager (Male) |
| 27:56 | Create | Villager (Male) |
| 28:31 | Create | Samurai |
Match timeline
| 0:53 | CriPe FusIonz · first_building Dock |
| 1:59 | ENG. BRENO · wall_segment Palisade Wall x5 |
| 2:07 | ska_18 · first_building Dock |
| 2:55 | ENG. BRENO · wall_segment Palisade Wall x1 |
| 2:57 | ENG. BRENO · wall_segment Palisade Wall x1 |
| 4:54 | Wilh3lm · first_building Dock |
| 5:58 | Wilh3lm · wall_segment Palisade Wall x2 |
| 7:53 | ENG. BRENO · wall_segment Palisade Wall x1 |
| 7:56 | ENG. BRENO · wall_segment Palisade Wall x1 |
| 8:24 | MrMike26786 · first_building Dock |
| 9:29 | ENG. BRENO · first_building Barracks |
| 11:15 | cw5541 · wall_segment Palisade Wall x9 |
| 12:35 | cw5541 · wall_segment Palisade Wall x11 |
| 13:24 | MrMike26786 · wall_segment Palisade Wall x5 |
| 13:28 | cw5541 · wall_segment Palisade Wall x10 |
| 14:30 | Wilh3lm · age_up feudal |
| 14:36 | CriPe FusIonz · first_market_sell 100 food |
| 14:58 | cw5541 · first_building Dock |
| 15:07 | Wilh3lm · first_building Barracks |
| 15:08 | MrMike26786 · first_building Barracks |
| 15:12 | ska_18 · age_up feudal |
| 15:23 | cw5541 · wall_segment Palisade Wall x16 |
| 15:38 | CriPe FusIonz · wall_segment Palisade Wall x7 |
| 15:43 | ENG. BRENO · age_up feudal |
| 15:50 | CriPe FusIonz · wall_segment Palisade Wall x6 |
| 15:58 | ska_18 · wall_segment Stone Wall x1 |
| 16:21 | Wilh3lm · first_building Archery Range |
| 16:49 | MrMike26786 · first_building Stable |
| 16:57 | ska_18 · wall_segment Stone Wall x9 |
| 17:12 | ENG. BRENO · first_market_sell 100 stone |
| 17:18 | ENG. BRENO · first_market_buy 100 food |
| 17:51 | cw5541 · first_building Barracks |
| 18:31 | ska_18 · wall_segment Stone Wall x7 |
| 19:06 | ska_18 · wall_segment Stone Wall x9 |
| 19:16 | ska_18 · wall_segment Palisade Wall x1 |
| 20:03 | ENG. BRENO · age_up castle |
| 20:19 | ENG. BRENO · first_building Castle |
| 20:30 | MrMike26786 · wall_segment Stone Wall x4 |
| 20:33 | MrMike26786 · wall_segment Stone Wall x9 |
| 21:09 | ska_18 · age_up castle |
| 21:24 | ska_18 · first_market_buy 100 stone |
| 21:38 | ska_18 · first_building Castle |
| 21:49 | ska_18 · first_market_sell 100 wood |
| 22:08 | ska_18 · wall_segment Stone Wall x7 |
| 22:39 | cw5541 · wall_segment Palisade Wall x6 |
| 23:04 | Wilh3lm · age_up castle |
| 23:04 | cw5541 · first_market_buy 100 food |
| 23:07 | cw5541 · first_market_sell 100 wood |
| 24:02 | ska_18 · wall_segment Stone Wall x1 |
| 24:02 | CriPe FusIonz · first_market_buy 100 wood |
| 24:17 | CriPe FusIonz · first_building Castle |
| 24:33 | cw5541 · first_building Archery Range |
| 26:45 | Wilh3lm · first_building Castle |
| 27:17 | ska_18 · wall_segment Stone Wall x8 |
| 27:31 | cw5541 · first_building Stable |
| 27:42 | MrMike26786 · first_building Castle |
| 28:44 | MrMike26786 · first_building Siege Workshop |
| 28:59 | ENG. BRENO · first_building Archery Range |
| 29:54 | cw5541 · first_building Castle |
| 32:28 | CriPe FusIonz · first_building Siege Workshop |
| 32:54 | Wilh3lm · first_building Siege Workshop |
| 35:32 | CriPe FusIonz · first_building Monastery |
| 36:33 | cw5541 · first_building Siege Workshop |
| 37:08 | ska_18 · age_up imperial |
| 37:45 | ENG. BRENO · first_building Siege Workshop |
| 38:18 | ska_18 · wall_segment Stone Wall x9 |
| 38:57 | ska_18 · first_building Barracks |
| 39:43 | ska_18 · wall_segment Stone Wall x1 |
| 40:02 | ska_18 · first_building Stable |
| 40:28 | Wilh3lm · age_up imperial |
| 41:38 | Wilh3lm · first_market_sell 100 wood |
| 42:35 | CriPe FusIonz · resign |
[ AI ANALYSIS · 1 CREDIT ]
What really happened in this match?
Wolo.gg analyzes every decision: build order, eco, micro, common mistakes by bracket. Personalized analysis on WhatsApp or Discord in 30 seconds.
Civ guide
Wei
Perfil
Jugador #12644419